AoeStats
← bluetiger74

Nomad

510529480Analyzed
4v4 RM · 1d ago on Oct 1, 2026· 53m 20s· 8 players
Game mode
Random Map
Map size
231×231
Population
200
Speed
Normal
Resources
Standard
Victory
Conquest
Starting age
Dark Age
Ending age
Imperial Age
RankedLock teamsTeams togetherTeam positionsShared explorationLock speedFull tech treeHidden civsTurbo modeCheats
Victory
Defeat
🇨🇳 Vikings · China
816
+13
🇨🇳 Celts · China
803
+14
🇨🇳 Shu · China
762
+15
🇵🇱 Cumans · Poland
712
+22
🇰🇷 Goths · South Korea
806
-16
🇪🇸 Spanish · Spain
755
-15
🇦🇷 Burgundians · Argentina
724
-14
🇩🇪 Britons · Germany
717
-20
TerciosBlanquiazules
16:19 Feudal Age
23:25 Castle Age
28:16 Fishing Lines
29:45 Double-Bit Axe
33:55 Imperial Age
31:42 Pikeman
35:23 Forging
40:31 Cavalier
rananculus
4:30 Loom
14:50 Feudal Age
16:20 Fishing Lines
19:04 Double-Bit Axe
22:36 Castle Age
21:14 Stone Mining
24:27 Wheelbarrow
23:37 Town Watch
23:16 Man-at-Arms
23:57 Squires
24:09 Gold Mining
26:16 Bow Saw
25:46 Long Swordsman
25:46 Pikeman
26:30 Scale Mail Armor
32:32 Forging
32:37 Chain Mail Armor
35:07 Iron Casting
38:34 Imperial Age
38:33 Anarchy
38:25 Horse Collar
39:33 Perfusion
42:53 Two-Handed Swordsman
53:12 Ballistics
53:53 Chemistry
52:50 Murder Holes
Taking
15:32 Feudal Age
16:09 Double-Bit Axe
19:40 Wheelbarrow
18:55 Horse Collar
25:41 Castle Age
27:27 Gold Mining
27:33 Stone Mining
28:03 Bow Saw
29:20 Hand Cart
29:57 Hand Cart
30:44 Gold Shaft Mining
35:32 Town Watch
35:33 Loom
38:26 Imperial Age
36:08 Fletching
36:19 Padded Archer Armor
38:02 Bodkin Arrow
38:23 Leather Archer Armor
41:31 Caravan
44:54 Two-Man Saw
45:30 Yeomen
46:58 Bracer
47:28 Ring Archer Armor
48:04 Chemistry
47:25 Ballistics
PopySeed_[CuERvO]
4:33 Loom
11:40 Wheelbarrow
15:05 Feudal Age
14:16 Double-Bit Axe
19:26 Bow Saw
21:08 Horse Collar
23:03 Heavy Plow
23:38 Gold Mining
26:39 Castle Age
27:59 Gold Shaft Mining
27:16 Stone Mining
28:28 Two-Man Saw
30:37 Cavalier
31:18 Husbandry
31:36 Scale Barding Armor
37:50 Chain Barding Armor
37:41 Forging
46:43 Imperial Age
46:00 Stone Shaft Mining
47:56 Iron Casting
49:08 Paladin
skaziuwielkisz69
14:59 Feudal Age
16:23 Loom
17:13 Wheelbarrow
20:43 Double-Bit Axe
21:21 Horse Collar
24:37 Castle Age
23:29 Fletching
23:40 Padded Archer Armor
25:51 Bow Saw
26:00 Hand Cart
28:23 Pikeman
28:51 Elite Skirmisher
33:21 Bodkin Arrow
37:38 Imperial Age
37:20 Thumb Ring
39:36 Chemistry
38:56 Leather Archer Armor
38:52 Forging
39:41 Halberdier
48:58 Heavy Plow
49:46 Squires
53:49 Parthian Tactics
CASTER123
15:06 Feudal Age
22:26 Castle Age
21:02 Double-Bit Axe
20:58 Horse Collar
21:43 Stone Mining
22:36 Gold Mining
23:55 Bow Saw
23:48 Heavy Plow
28:37 Gold Shaft Mining
37:05 Imperial Age
36:13 Chieftains
37:00 Forging
36:50 Scale Mail Armor
37:48 Squires
37:34 Arson
37:11 Man-at-Arms
38:30 Iron Casting
39:03 Long Swordsman
39:50 Two-Handed Swordsman
40:58 Champion
41:10 Pikeman
44:57 Conscription
50:05 Blast Furnace
49:20 Chain Mail Armor
51:08 Chemistry
50:28 Ballistics
haodeheng
3:53 Loom
19:51 Feudal Age
21:33 Man-at-Arms
22:37 Fishing Lines
25:56 Wheelbarrow
25:29 Gold Mining
26:57 Fletching
27:07 Padded Archer Armor
27:45 Stone Mining
31:19 Castle Age
31:25 Double-Bit Axe
35:54 Bow Saw
35:34 Horse Collar
36:28 Demolition Ship
36:48 Pikeman
36:53 Man-at-Arms
39:22 Stone Shaft Mining
38:55 Heavy Plow
42:44 Imperial Age
40:32 Hand Cart
40:33 Gambesons
42:57 Long Swordsman
46:02 Halberdier
47:50 Conscription
48:43 Stronghold
49:32 Capped Ram
52:00 Two-Handed Swordsman
bluetiger74
5:29 Loom
16:29 Feudal Age
17:34 Double-Bit Axe
17:34 Horse Collar
17:48 Stone Mining
17:55 Gold Mining
18:46 Town Watch
22:34 Fletching
24:57 Castle Age
24:29 Padded Archer Armor
25:17 Crossbowman
26:05 Thumb Ring
26:21 Leather Archer Armor
26:02 Bodkin Arrow
26:36 Bow Saw
27:30 Heavy Plow
29:58 Pikeman
30:44 Elite Skirmisher
35:04 Gold Shaft Mining
38:13 Coiled Serpent Array
43:19 Imperial Age
44:48 Hoardings
44:39 Conscription
45:50 Arbalester
50:48 Fortified Wall
50:34 Murder Holes
51:02 Ballistics
50:53 Masonry
51:23 Squires
51:06 Heavy Hei Guang Cavalry
Connection lost

Rejoining the realm…

Still unreachable

The connection could not be restored.

Session expired

The server has moved on; the page needs a fresh start.